 Dungeon Crawl Stone Soup version 0.18-a0-1692-g516f9e9 (webtiles) character file.

112 4thArraOfDagon the Skirmisher (level 4, -1/35 HPs)
             Began as a Mummy Monk on Apr 5, 2016.
             Slain by Sigmund
             ... wielding a +4 scythe of protection
              (14 damage)
             ... on level 3 of the Dungeon.
             The game lasted 00:04:03 (1222 turns).

4thArraOfDagon the Skirmisher (Mummy Monk)          Turns: 1222, Time: 00:04:04

Health: -1/35      AC:  5    Str: 14    XL:     4   Next: 64%
Magic:  4/4        EV: 13    Int: 10    God:
Gold:   110        SH:  0    Dex: 14    Spells: 0 memorised, 3 levels left

rFire  x . .     SeeInvis .     m - +2 short sword (venom)
rCold  + + .     Gourm    .     c - +2 robe {rC+}
rNeg   + + +     Faith    .     (no shield)
rPois  ∞         Spirit   .     (no helmet)
rElec  .         Dismiss  .     d - +0 cloak
rCorr  .         Reflect  .     (no gloves)
SustAt .         Harm     .     (no boots)
MR     .....                    (no amulet)
Stlth  ++........               (no ring)
                                k - +1 ring of slaying

@: not resistant to hostile enchantments, unstealthy
A: no food or potions, fire vulnerability, cold resistance 1, negative energy
resistance 3, torment resistance, unbreathing
a: no special abilities


You were on level 3 of the Dungeon.
You were not hungry.

You visited 1 branch of the dungeon, and saw 4 of its levels.

You collected 110 gold pieces.

Inventory:

Hand Weapons
 e - a +0 hand axe
 j - a +0 blowgun
 m - a +2 short sword of venom (weapon)
Missiles
 h - 29 poisoned needles
 i - a throwing net (quivered)
Armour
 c - a +2 robe of cold resistance (worn)
 d - a +0 cloak (worn)
Jewellery
 k - a +1 ring of slaying (left hand)
Scrolls
 a - a scroll of identify {unknown}
 b - 2 scrolls of enchant armour {unknown}
 f - a scroll of remove curse {unknown}
 g - a scroll of fear {unknown}
 l - a scroll of enchant weapon {unknown}
 n - a scroll of magic mapping {unknown}
 o - a scroll of teleportation {unknown}


   Skills:
 - Level 3.4 Fighting
 * Level 2.6 Axes
 * Level 1.5 Throwing
 - Level 2.4 Dodging
 - Level 1.5 Stealth
 - Level 3.2 Unarmed Combat


You had 3 spell levels left.
You didn't know any spells.

Dungeon Overview and Level Annotations

Branches:
Dungeon (4/15)
 Temple: D:4-7

Altars:

Annotations:
D:3 Sigmund
D:4 4thArraOfDagon's ghost, amateur DrBe


Innate Abilities, Weirdness & Mutations

You do not eat or drink.
Your flesh is vulnerable to fire.
You are immune to poison.
Your flesh is cold resistant.
You are immune to negative energy.
You are immune to unholy pain and torment.
You can survive without breathing.


Message History

You hit Sigmund but do no damage.
Sigmund looks even sicker.
Sigmund is moderately wounded.
Sigmund closely misses you.
You barely miss Sigmund. Your punch misses Sigmund.
Sigmund is moderately wounded.
Sigmund closely misses you.
You barely miss Sigmund. You punch Sigmund, but do no damage.
Sigmund is moderately wounded.
You hit Sigmund.
Sigmund looks even sicker.
Sigmund is moderately wounded.
Sigmund hits you with a scythe of protection.
You hit Sigmund but do no damage.
Sigmund is moderately wounded.
Sigmund hits you with a scythe of protection!
You closely miss Sigmund.
Sigmund is heavily wounded.
You hit Sigmund.
Sigmund looks even sicker.
Sigmund is heavily wounded.
Sigmund hits you with a scythe of protection!
You die...

#... #.## . #####
## #... .. ###.##
# # #....#
######.#...
#.@@.#
#.......###
#....####........
#..>.(((..(......
#########.......#
#.......#
#.......#
#####.#.. ...#
..#


You could see Sigmund.

Vanquished Creatures
  Terence (D:3)
  2 hound zombies (D:3)
  An adder (D:2)
  A worm (D:2)
  2 dart slugs
  A giant gecko (D:2)
  2 orcs
  A ball python (D:1)
  3 giant cockroaches
  4 goblins
  4 hobgoblins
  5 jackals
  3 bats
  3 giant newts
  2 kobolds
  4 rats
39 creatures vanquished.

Notes
Turn   | Place    | Note
--------------------------------------------------------------
     0 | D:1      | 4thArraOfDagon the Mummy Monk began the quest for the Orb.
     0 | D:1      | Reached XP level 1. HP: 18/18 MP: 1/1
   345 | D:2      | Reached skill level 1 in Axes
   345 | D:2      | Reached XP level 2. HP: 10/24 MP: 2/2
   383 | D:2      | Found a faded altar to an unknown god.
   510 | D:2      | Reached XP level 3. HP: 6/29 MP: 3/3
   630 | D:3      | Noticed Sigmund
  1048 | D:3      | Reached skill level 1 in Throwing
  1147 | D:4      | Noticed 4thArraOfDagon's ghost (amateur DrBe)
  1150 | D:4      | Reached XP level 4. HP: 35/35 MP: 4/4
  1164 | D:3      | Noticed Terence
  1180 | D:3      | Killed Terence
  1222 | D:3      | Slain by Sigmund

Vault maps used:
D:1:      dpeg_arrival_stonehenge_8_columns
D:2:      ecumenical_altar_1
D:3:      uniq_sigmund, uniq_terence

Skill      XL: |  1  2  3 |
---------------+----------+-----
Axes           | 1 2 |  2.6
Throwing       | 1 |  1.5
Fighting       | |  3.4
Dodging        | |  2.4
Stealth        | |  1.5
Unarmed Combat | |  3.2

Action                   |  1- 3 |  4- 6 || total
-------------------------+-------+-------++-------
Melee: Unarmed           |   140 |     8 ||   148
       Short sword       |     6 |    18 ||    24
 Fire: Blowgun           |     3 |     6 ||     9
 Stab: Sleeping          |     1 |       ||     1
